 Dungeon Crawl Stone Soup version 0.27-a0-1136-g0b992a5 (webtiles) character file.

Game seed: 15723953561649910977

112335 Meow the Covert (level 16, -45/152 HPs)
             Began as a Naga Venom Mage on May 4, 2021.
             Was the Champion of Okawaru.
             Killed from afar by Roxanne (69 damage)
             ... with a crystal spear
             ... on level 15 of the Dungeon.
             The game lasted 01:57:56 (23346 turns).

Meow the Covert (Naga Venom Mage)                  Turns: 23346, Time: 01:57:57

Health: -45/152    AC: 18    Str: 14    XL:     16   Next: 60%
Magic:  7/30       EV: 11    Int: 22    God:    Okawaru [******]
Gold:   1910       SH: 11    Dex: 16    Spells: 7/35 levels left

rFire    + + .     SeeInvis +   a - +5 broad axe (flame)
rCold    + . .     Faith    .   P - +0 kite shield
rNeg     . . .     Spirit   .   k - +0 troll leather armour
rPois    +         Reflect  .   z - +0 mask of the Dragon {Will+ Slay+3 SInv}
rElec    .         Harm     .   (no cloak)
rCorr    .         Rampage  .   y - +2 pair of gloves {Str+3}
Will     +++..                  g - +4 barding {rF+}
Stlth    +++++.....             U - amulet of regeneration
HPRegen  2.35/turn              Y - ring "Kebal" {rC+ Dex+4 Slay+3}
MPRegen  0.22/turn              O - ring of protection from fire

@: studying Bows, very slow
A: AC +5, large, see invisible, deformed body, poison resistance, slowness 2,
spit poison 1, naga tail 2
a: Spit Poison, Renounce Religion, Heroism, Finesse


You were on level 15 of the Dungeon.
You worshipped Okawaru.
Okawaru was exalted by your worship.
You visited 4 branches of the dungeon, and saw 24 of its levels.
You also visited: Trove, Sewer, Gauntlet, Ice Cave and Volcano.

You collected 2365 gold pieces.
You spent 455 gold pieces at shops.

Inventory:

Hand Weapons
 a - a +5 broad axe of flaming (weapon)
 b - the +10 long sword of the Other Side {pain, Fly Str+6 Int-4}
   (You found it on level 9 of the Dungeon)

   In the hands of one skilled in necromantic magic, it inflicts extra damage on
   living creatures.
   It affects your strength (+6).
   It affects your intelligence (-4).
   It grants you flight.
 e - a +2 fustibalus of flaming
 E - a +0 broad axe of freezing
 G - a +2 arbalest of freezing
 Z - the +7 long sword "Debroxol" {venom, Will++ rCorr Int+3}
   (You found it on level 5 of the Dungeon)

   It poisons the flesh of those it strikes.
   It affects your intelligence (+3).
   It protects you from acid and corrosion.
   It greatly increases your willpower.
Missiles
 f - 845 stones (quivered)
Armour
 g - a +4 barding of fire resistance (worn)
 j - a +2 animal skin of cold resistance
 k - a +0 troll leather armour (worn)
 x - +0 acid dragon scales
 y - a +2 pair of gloves of strength (worn)
 z - the +0 mask of the Dragon (worn) {Will+ Slay+3 SInv}
   (Okawaru gifted it to you on level 12 of the Dungeon)

   It affects your accuracy and damage with ranged weapons and melee attacks
   (+3).
   It lets you see invisible.
   It increases your willpower.
 A - a +0 leather armour of fire resistance
 H - a +2 helmet
 P - a +0 kite shield (worn)
Jewellery
 J - a ring of protection from cold
 K - an amulet of magic regeneration
 O - a ring of protection from fire (right hand)
 R - the ring "Xinesats" {rC+ SInv}
   (You took it off a boggart on level 12 of the Dungeon)

   [ring of see invisible]

   It protects you from cold.
   It lets you see invisible.
 S - an amulet of the acrobat
 U - an amulet of regeneration (around neck)
 Y - the ring "Kebal" (left hand) {rC+ Dex+4 Slay+3}
   (You found it in a Gauntlet)

   [ring of protection from cold]

   It affects your dexterity (+4).
   It affects your accuracy and damage with ranged weapons and melee attacks
   (+3).
   It protects you from cold.
Wands
 l - a wand of polymorph (15)
 r - a wand of acid (28)
 F - a wand of paralysis (24)
 M - a wand of flame (37)
 T - a wand of iceblast (9)
Scrolls
 d - a scroll of holy word
 h - 6 scrolls of amnesia
 q - a scroll of summoning
 s - 2 scrolls of fog
 t - 3 scrolls of magic mapping
 v - 4 scrolls of immolation
 C - 3 scrolls of teleportation
 L - a scroll of enchant armour
 V - 2 scrolls of silence
 W - 3 scrolls of fear
 X - 5 scrolls of blinking
Potions
 c - 2 potions of resistance
 i - 5 potions of might
 n - 6 potions of brilliance
 p - 2 potions of mutation {unknown}
 u - 4 potions of haste
 w - a potion of magic {unknown}
 B - 3 potions of flight
 D - 3 potions of attraction
 I - a potion of experience {unknown}
 N - 2 potions of cancellation {unknown}
 Q - a potion of degeneration {unknown}
Miscellaneous
 m - a box of beasts
 o - a condenser vane


   Skills:
 - Level 12.0 Fighting
 - Level 8.0 Axes
 - Level 8.0 Dodging
 - Level 12.0 Stealth
 + Level 10.0 Shields
 - Level 10.0 Spellcasting
 - Level 12.0 Conjurations
 - Level 1.0 Transmutations
 - Level 10.0 Fire Magic
 + Level 4.7 Earth Magic
 - Level 8.0 Poison Magic


You had 7 spell levels left.
You knew the following spells:

 Your Spells              Type           Power      Damage    Failure   Level
a - Sting                 Tmut/Pois      100%       1d8       1%          1
b - Poisonous Vapours     Pois/Air       56%        N/A       2%          2
c - Mephitic Cloud        Conj/Pois/Air  40%        N/A       1%          3
f - Bolt of Magma         Conj/Fire/Erth 25%        4d12      5%          5
t - Sticky Flame          Conj/Fire      56%        2d7       1%          4
C - Ignite Poison         Fire/Tmut/Pois 38%        N/A       1%          3
F - Fireball              Conj/Fire      28%        3d12      2%          5
R - Irradiate             Conj/Tmut      19%        3d20      14%         5

Your spell library contained the following spells:

 Spells                   Type           Power      Damage    Failure   Level
 Foxfire                  Conj/Fire      100%       2x1d9     1%          1
 Magic Dart               Conj           100%       1d8       1%          1
 Sandblast                Erth           62%        2d14      1%          1
 Shock                    Conj/Air       100%       1d9       1%          1
 Static Discharge         Conj/Air       37%        N/A       1%          2
 Conjure Flame            Conj/Fire      56%        6-21      1%          3
 Dazzling Flash           Conj/Hex       74%        N/A       1%          3
 Stone Arrow              Conj/Erth      94%        3d12      1%          3
 Iskenderun's Battlesphe  Conj           59%        2d11      1%          5
 Olgreb's Toxic Radiance  Pois           46%        N/A       2%          4
 Passwall                 Tmut/Erth      19%        N/A       3%          2
 Inner Flame              Hex/Fire       33%        N/A       3%          3
 Spider Form              Tmut/Pois      15%        N/A       3%          3
 Beastly Appendage        Tmut           30%        N/A       4%          1
 Fulminant Prism          Conj/Hex       18%        3d11      6%          4
 Hailstorm                Conj/Ice       37%        3d9       6%          4
 Animate Skeleton         Necr           22%        N/A       8%          1
 Corona                   Hex            12%        N/A       8%          1
 Freeze                   Ice            44%        1d6       8%          1
 Pain                     Necr           44%        1d6       8%          1
 Summon Small Mammal      Summ           44%        N/A       8%          1
 Wereblood                Tmut           15%        N/A       8%          2
 Blink                    Tloc           N/A        N/A       12%         2
 Call Imp                 Summ           11%        N/A       12%         2
 Corpse Rot               Necr/Air       N/A        N/A       12%         2
 Ensorcelled Hibernation  Hex/Ice        22%        N/A       12%         2
 Slow                     Hex            11%        N/A       12%         2
 Sublimation of Blood     Necr           5%         N/A       12%         2
 Lightning Bolt           Conj/Air       18%        1d33      19%         5
 Call Canine Familiar     Summ           11%        N/A       22%         3
 Confusing Touch          Hex            11%        N/A       22%         3
 Gell's Gravitas          Tloc           5%         N/A       22%         3
 Summon Guardian Golem    Hex/Summ       11%        N/A       22%         3
 Swiftness                Air            11%        N/A       22%         3
 Tukima's Dance           Hex            11%        N/A       22%         3
 Vampiric Draining        Necr           5%         2d6       22%         3
 Petrify                  Tmut/Erth      23%        N/A       24%         4
 Animate Armour           Summ/Erth      42%        N/A       28%         4
 Lee's Rapid Deconstruct  Erth           15%        3d11*     30%         5
 Alistair's Intoxication  Tmut/Pois      20%        N/A       32%         5
 Iron Shot                Conj/Erth      23%        9d5       36%         6
 Ice Form                 Ice/Tmut       13%        N/A       52%         4
 Airstrike                Air            5%         N/A       58%         4
 Animate Dead             Necr           5%         N/A       58%         4
 Cause Fear               Hex            5%         N/A       58%         4
 Dispel Undead            Necr           11%        3d9       58%         4
 Passage of Golubria      Tloc           N/A        N/A       58%         4
 Summon Ice Beast         Ice/Summ       11%        N/A       58%         4
 Summon Lightning Spire   Summ/Air       11%        N/A       58%         4
 Borgnjor's Vile Clutch   Necr/Erth      10%        N/A       63%         5
 Hydra Form               Tmut           7%         N/A       80%         5
 Yara's Violent Unravell  Hex/Tmut       6%         3d5       86%         5
 Eringya's Noxious Bog    Tmut/Pois      15%        N/A       88%         6
 Agony                    Necr           11%        N/A       91%         5
 Excruciating Wounds      Necr           5%         N/A       91%         5
 Manifold Assault         Tloc           11%        N/A       91%         5
 Metabolic Englaciation   Hex/Ice        5%         N/A       91%         5
 Silence                  Hex/Air        5%         N/A       91%         5
 Statue Form              Tmut/Erth      15%        N/A       98%         6
 Spellforged Servitor     Conj/Summ      18%        N/A       99%         7
 Blade Hands              Tmut           7%         N/A       100%        6
 Invisibility             Hex            11%        N/A       100%        6
 Shadow Creatures         Summ           N/A        N/A       100%        6
 Dragon Form              Tmut           7%         N/A       100%        7
 Malign Gateway           Summ/Tloc      5%         N/A       100%        7
 Disjunction              Tloc           5%         N/A       100%        8
 Shatter                  Erth           15%        3d15*     100%        9


Dungeon Overview and Level Annotations

Branches:
Dungeon (15/15)            Temple (1/1) D:6            Lair (6/6) D:11
  Swamp (0/4) Lair:3        Snake (0/4) Lair:3        Slime (0/5) Lair:5
    Orc (2/2) D:10            Elf (0/3) Orc:2        Vaults (0/5) D:13
  Sewer (visited)           IceCv (visited)         Volcano (visited)
Gauntlet (visited)
 Depths: D:15

Altars:
Ashenzari
Cheibriados
Dithmenos
Elyvilon
Fedhas
Gozag
Hepliaklqana
Kikubaaqudgha
Makhleb
Nemelex Xobeh
Okawaru
Qazlal
Ru
Sif Muna
Trog
Uskayaw
Vehumet
Wu Jian
Xom
Yredelemnul
Zin
The Shining One
Beogh

Shops:
D:6 *   D:9 :   Orc:1 [   Orc:2 :*(

Annotations:
D:6 1 runed translucent door, Crazy Yiuf
D:12 1 runed translucent door, exclusion: 4 orange crystal statues
D:15 Roxanne


Innate Abilities, Weirdness & Mutations

Your serpentine skin is tough. (AC +5)
You have supernaturally acute eyesight. (SInv)
Armour fits poorly on your strangely shaped body.
Your system is resistant to poisons. (rPois)
You cover ground very slowly.
You can spit poison.
You can use your snake-like lower body to constrict enemies.


Message History

You hit Roxanne.
Roxanne is moderately damaged.
You constrict Roxanne.
Roxanne burns!
Roxanne mumbles some strange words.
You blink.
You lose your grip on Roxanne.
Unknown command.
Roxanne burns!
Roxanne stops burning.
You hit Roxanne. You grab Roxanne.
Roxanne is heavily damaged.
You constrict Roxanne, but do no damage.
You slash Roxanne!
Roxanne is heavily damaged.
You constrict Roxanne, but do no damage.
You hit Roxanne.
Roxanne is heavily damaged.
You constrict Roxanne. You slash Roxanne!
Roxanne is heavily damaged.
You constrict Roxanne, but do no damage.
Roxanne mumbles some strange words.
The crystal spear hits you!
You slash Roxanne!
Roxanne is severely damaged.
You constrict Roxanne.
Roxanne casts a spell.
The iron shot hits you!!!
* * * LOW HITPOINT WARNING * * *
Okay, then.
You slash Roxanne!
Roxanne is severely damaged.
You constrict Roxanne, but do no damage.
Roxanne casts a spell.
The bolt of magma hits you! You partially resist.
* * * LOW HITPOINT WARNING * * *
You release your grip on Roxanne.
Roxanne mumbles some strange words.
You block the iron shot.
Roxanne mumbles some strange words.
The crystal spear hits you!!!
You die...

#.....................
#.....[...............
#.....................
#.....................
#...##########........
##...#........+......##
#.##....#........#......#
#.......#........#......#
#..8....#@.......#.......
##.........#######.......
##......8...............#
##........###+###+#....#
##.......# #....#
.........# ..........#
...######.## ... #.#


You could see Roxanne.

Vanquished Creatures
  Rupert (Lair:3)
  A frost giant (IceCv)
  An ironbound preserver (D:13)
  A minotaur (Gauntlet)
  7 dire elephants (Lair:6)
  Snorg (Lair:3)
  A rakshasa (D:13)
  Erolcha (D:12)
  Fannar (Lair:1)
  2 ogre magi (Orc:2)
  A death knight (D:12)
  A hell beast (Gauntlet)
  6 boulder beetles
  9 hydras
  2 catoblepae
  5 death yaks
  2 centaur warriors
  13 two-headed ogres
  A tengu warrior (D:13)
  2 spectral dire elephants (Lair:6)
  An iron troll (Orc:2)
  2 skeletal warriors
  2 bog bodies (Lair:3)
  A spectral anaconda (Lair:6)
  A deep troll (Orc:2)
  Pikel (D:4)
  An orc knight (D:10)
  A lindwurm (Lair:5)
  3 deep elf pyromancers
  An obsidian statue (Lair:6)
  An orb spider (shapeshifter) (D:14)
  3 necromancers (Lair:6)
  3 orc sorcerers (Orc:2)
  19 elephants (Lair:6)
  13 ugly things
  3 oklob plants
  4 manticores
  7 cyclopes
  A molten gargoyle (Volcano)
  A dire elephant zombie (Lair:6)
  12 black mambas
  Joseph (D:7)
  2 unseen horrors
  9 cane toads
  4 gargoyles
  A torpor snail (Lair:5)
  A yaktaur (D:12)
  4 rime drakes
  9 komodo dragons
  5 kobold demonologists
  2 efreet
  8 polar bears
  A polar bear (shapeshifter) (D:13)
  17 trolls
  16 blink frogs
  A slime creature (D:12)
  A hornet (D:10)
  Prince Ribbit (Lair:3)
  2 spectral elephants (Lair:6)
  7 flying skulls (Gauntlet)
  3 wraiths
  27 yaks
  A shadow (D:11)
  A dire elephant simulacrum (Lair:6)
  2 wyverns
  3 basilisks
  5 fire bats (Volcano)
  A fire elemental (Volcano)
  2 steam dragons
  13 vampire mosquitoes
  A death yak simulacrum (Lair:6)
  3 nagas (Lair:3)
  Menkaure (D:7)
  A warg (Orc:2)
  3 spectral cane toads (Lair:6)
  2 acid dragons
  4 hell hounds
  16 water moccasins
  2 sky beasts
  An elephant zombie (Lair:6)
  17 orc warriors
  An ice beast (D:5)
  A boggart (D:12)
  22 ogres
  14 wolves
  4 lemures
  7 centaurs
  4 elephant skeletons (Lair:6)
  Blork the orc (D:6)
  3 kobold brigands (D:11)
  9 bullfrogs
  3 cane toad simulacra (Lair:6)
  3 gnoll sergeants
  3 scorpions
  3 earth elementals (Volcano)
  A water moccasin skeleton (D:5)
  6 killer bees
  4 elephant simulacra (Lair:6)
  7 wights
  11 howler monkeys
  A jelly (D:4)
  6 lava snakes (Volcano)
  4 centaur zombies
  A bullfrog zombie (D:6)
  2 centaur skeletons (D:7)
  A bullfrog skeleton (D:7)
  2 hounds
  6 orc priests
  3 iguanas
  A scorpion zombie (D:5)
  16 orc wizards
  A howler monkey zombie (D:9)
  6 gnolls
  2 howler monkey skeletons
  5 adders
  6 river rats (Sewer)
  2 white imps (D:6)
  An ufetubus (D:4)
  6 worms
  A dart slug (D:2)
  43 orcs
  4 bats
  6 endoplasms
  5 giant cockroaches
  3 hobgoblins (D:1)
  4 quokkas
  8 ball pythons
  3 frilled lizards
  7 goblins
  27 kobolds
  24 rats
  A butterfly (Lair:6)
656 creatures vanquished.

Vanquished Creatures (others)
  A stone giant (Volcano)
  3 polar bears (IceCv)
  A wolf (IceCv)
  30 fungi
  42 plants
  39 withered plants
116 creatures vanquished.

Grand Total: 772 creatures vanquished

Notes
Turn   | Place    | Note
-------+----------+-------------------------------------------
     0 | D:1      | Meow the Naga Venom Mage began the quest for the Orb.
     0 | D:1      | Reached XP level 1. HP: 15/15 MP: 3/3
   299 | D:1      | Reached XP level 2. HP: 22/22 MP: 3/5
   757 | D:2      | Reached XP level 3. HP: 28/28 MP: 6/6
   761 | D:2      | Learned a level 3 spell: Mephitic Cloud
  1013 | D:2      | Found a faded altar of an unknown god.
  1558 | D:3      | Reached skill level 5 in Poison Magic
  2359 | D:4      | Found a sparkling altar of Nemelex Xobeh.
  2436 | D:4      | Noticed a lemure
  2437 | D:4      | Noticed a lemure
  2437 | D:4      | Noticed a lemure
  2618 | D:4      | Reached XP level 4. HP: 34/36 MP: 4/8
  2703 | D:4      | Noticed an ogre
  2710 | D:4      | Killed an ogre
  2711 | D:4      | Reached XP level 5. HP: 42/42 MP: 6/10
  2714 | D:4      | Noticed a lemure
  2736 | D:5      | Entered Level 5 of the Dungeon
  2769 | D:5      | Identified the +7 long sword "Debroxol" {venom, Will++
                  | rCorr Int+3}
  2823 | D:5      | Reached XP level 6. HP: 16/49 MP: 7/12
  2827 | D:5      | Learned a level 3 spell: Ignite Poison
  2919 | D:5      | Found a glowing drain.
  2973 | Sewer    | Entered a sewer
  3671 | D:5      | Reached XP level 7. HP: 55/55 MP: 7/14
  3672 | D:5      | Reached skill level 5 in Spellcasting
  3914 | D:4      | Noticed Pikel
  4250 | D:4      | Killed Pikel
  4251 | D:4      | Reached skill level 5 in Stealth
  4251 | D:4      | Reached XP level 8. HP: 48/68 MP: 9/17
  4519 | D:5      | Found an iron altar of Okawaru.
  4522 | D:5      | Became a worshipper of Warmaster Okawaru
  4618 | D:6      | Found a glowing silver altar of Zin.
  4619 | D:6      | Noticed an unseen horror
  4628 | D:6      | Killed an unseen horror
  4629 | D:6      | Reached skill level 5 in Fighting
  4629 | D:6      | Reached XP level 9. HP: 67/81 MP: 15/18
  4635 | D:6      | Found a glowing golden altar of the Shining One.
  4763 | D:6      | Found a staircase to the Ecumenical Temple.
  4763 | D:6      | Noticed Blork the orc
  4772 | D:6      | Killed Blork the orc
  4776 | Temple   | Entered the Ecumenical Temple
  4935 | D:6      | Reached * piety under Okawaru
  4961 | D:6      | Found a runed translucent door.
  4962 | D:6      | Noticed Crazy Yiuf
  5010 | D:6      | Reached skill level 10 in Stealth
  5184 | D:6      | Found Kuck's Serpentskin Sales.
  5748 | D:7      | Noticed Joseph
  5761 | D:7      | Killed Joseph
  5761 | D:7      | Reached ** piety under Okawaru
  5856 | D:7      | Noticed Menkaure
  5861 | D:7      | Killed Menkaure
  5966 | D:7      | Reached skill level 1 in Shields
  5968 | D:7      | Reached XP level 10. HP: 96/96 MP: 12/19
  6402 | D:7      | Noticed a moth of wrath
  6427 | D:7      | Found a bloodstained altar of Trog.
  6641 | D:8      | Reached *** piety under Okawaru
  7258 | D:8      | Found a white marble altar of Elyvilon.
  7392 | D:8      | Found a faded altar of an unknown god.
  7393 | D:8      | Found a hazy altar of Hepliaklqana.
  7590 | D:9      | Reached skill level 5 in Shields
  7612 | D:9      | Found Haisasun's Book Shoppe.
  7791 | D:9      | Reached **** piety under Okawaru
  7856 | D:9      | Found a shimmering altar of Xom.
  7859 | D:9      | Found an opulent altar of Gozag.
  7863 | D:9      | Found an ornate altar of the Wu Jian Council.
  7941 | D:9      | Noticed a centaur warrior
  8192 | D:9      | Killed a centaur warrior
  8193 | D:9      | Reached XP level 11. HP: 95/103 MP: 11/20
  8293 | D:9      | Identified the +10 long sword of the Other Side {pain, Fly
                  | Str+6 Int-4}
  8464 | D:9      | Noticed a manticore
  8470 | D:9      | Killed a manticore
  8470 | D:9      | Reached ***** piety under Okawaru
  8721 | D:9      | Noticed a two-headed ogre
  8735 | D:9      | Killed a two-headed ogre
  8923 | D:10     | Entered Level 10 of the Dungeon
  8996 | D:10     | Found a stormy altar of Qazlal.
  9029 | D:10     | Found a shadowy altar of Dithmenos.
  9120 | D:10     | Found a snail-covered altar of Cheibriados.
  9299 | D:10     | Noticed an orc knight
  9312 | D:10     | Killed an orc knight
  9312 | D:10     | Received a gift from Okawaru
  9750 | D:10     | Found a staircase to the Orcish Mines.
  9860 | D:9      | Bought a book of Flames for 455 gold pieces
  9866 | D:9      | Learned a level 4 spell: Sticky Flame
  9910 | Orc:1    | Entered Level 1 of the Orcish Mines
  9910 | Orc:1    | Found Cumoz's Antique Armour Emporium.
 10367 | Orc:2    | Entered Level 2 of the Orcish Mines
 10368 | Orc:2    | Found a frozen archway.
 10378 | Orc:2    | Noticed a two-headed ogre
 10382 | Orc:2    | Noticed a two-headed ogre
 10384 | IceCv    | Entered an ice cave
 10422 | IceCv    | Noticed a death yak
 10422 | IceCv    | Noticed a frost giant
 10433 | IceCv    | Killed a death yak
 10434 | IceCv    | Reached skill level 10 in Fighting
 10440 | IceCv    | Killed a frost giant
 10540 | Orc:2    | Noticed a two-headed ogre
 10540 | Orc:2    | Noticed a two-headed ogre
 10540 | Orc:2    | Noticed a cyclops
 10540 | Orc:2    | Noticed a cyclops
 10541 | Orc:2    | Noticed a two-headed ogre
 10570 | Orc:2    | Reached XP level 12. HP: 117/120 MP: 21/21
 10583 | Orc:2    | Found a dark tunnel.
 10589 | Volcano  | Entered a volcano
 10611 | Volcano  | Reached skill level 1 in Fire Magic
 10658 | Volcano  | Learned a level 2 spell: Poisonous Vapours
 10865 | Volcano  | Noticed a stone giant
 10890 | Volcano  | Killed a stone giant
 10899 | Volcano  | Reached skill level 5 in Fire Magic
 10962 | Volcano  | Found a burning altar of Makhleb.
 11146 | Orc:2    | Identified the +7 hunting sling "Inaorr" {freeze, Int+2}
                  | (Okawaru gifted it to you on level 2 of the Orcish Mines)
 11146 | Orc:2    | Received a gift from Okawaru
 11295 | Orc:2    | Killed a two-headed ogre
 11522 | Orc:2    | Noticed a two-headed ogre
 11533 | Orc:2    | Killed a two-headed ogre
 11538 | Orc:2    | Killed a two-headed ogre
 11539 | Orc:2    | Reached skill level 1 in Conjurations
 11642 | Orc:2    | Noticed a two-headed ogre
 11653 | Orc:2    | Killed a two-headed ogre
 11653 | Orc:2    | Reached ****** piety under Okawaru
 11693 | Orc:2    | Identified the +11 glaive "Butz" {flame, Str+4 Int+2}
                  | (Okawaru gifted it to you on level 2 of the Orcish Mines)
 11693 | Orc:2    | Received a gift from Okawaru
 11953 | Orc:2    | Noticed an ogre mage
 11955 | Orc:2    | Killed a two-headed ogre
 12187 | Orc:2    | Noticed an iron troll
 12209 | Orc:2    | Noticed an ogre mage
 12209 | Orc:2    | Noticed a two-headed ogre
 12213 | Orc:2    | Found Hiskyont's Antique Weapon Boutique.
 12213 | Orc:2    | Found Qexaegyc's Book Shoppe.
 12213 | Orc:2    | Found Kifetrinn's General Store.
 12213 | Orc:2    | Found Doecagat's General Store.
 12283 | Orc:2    | Killed an ogre mage
 12284 | Orc:2    | Gained mutation: You can use your snake-like lower body to
                  | constrict enemies. [Naga growth]
 12284 | Orc:2    | Reached XP level 13. HP: 102/127 MP: 3/22
 12616 | Orc:2    | Reached skill level 1 in Axes
 12653 | Orc:2    | Found a staircase to the Elven Halls.
 12749 | Orc:2    | Identified the +1 barding of Capruare {rF- Dex+6} (Okawaru
                  | gifted it to you on level 2 of the Orcish Mines)
 12749 | Orc:2    | Received a gift from Okawaru
 13270 | Orc:2    | Found a shimmering blue altar of Sif Muna.
 13530 | D:11     | Found a portal to a secret trove of treasure.
 13539 | D:11     | Identified a scroll of acquirement
 13758 | D:11     | Found a staircase to the Lair.
 14365 | Lair:1   | Entered Level 1 of the Lair of Beasts
 14399 | Lair:1   | Noticed Fannar
 14408 | Lair:1   | Killed Fannar
 14434 | Lair:1   | Found a gate leading to a gauntlet.
 14443 | Gauntlet | Entered a Gauntlet
 14443 | Gauntlet | Found a transporter.
 14443 | Gauntlet | Found a transporter.
 14446 | Gauntlet | Found a transporter.
 14449 | Gauntlet | Found a transporter.
 14457 | Gauntlet | Found a transporter.
 14471 | Gauntlet | Found a transporter.
 14479 | Gauntlet | Found a transporter.
 14501 | Gauntlet | Found a transporter.
 14505 | Gauntlet | Found a transporter.
 14523 | Gauntlet | Found a transporter.
 14565 | Gauntlet | Found a transporter.
 14577 | Gauntlet | Found a transporter.
 14670 | Gauntlet | Received a gift from Okawaru
 14709 | Gauntlet | Identified the ring "Kebal" {rC+ Dex+4 Slay+3}
 14781 | Gauntlet | Noticed a minotaur
 14793 | Gauntlet | Killed a minotaur
 14794 | Gauntlet | Reached skill level 5 in Conjurations
 14794 | Gauntlet | Reached XP level 14. HP: 111/138 MP: 10/25
 14962 | Lair:1   | Found a blossoming altar of Fedhas.
 15569 | Lair:2   | Reached skill level 5 in Dodging
 15816 | Lair:2   | Reached skill level 10 in Fire Magic
 16058 | Lair:2   | Received a gift from Okawaru
 16179 | Lair:2   | Reached skill level 5 in Axes
 16468 | Lair:3   | Noticed Snorg
 16478 | Lair:3   | Killed Snorg
 16479 | Lair:3   | Found a staircase to the Snake Pit.
 16560 | Lair:3   | Learned a level 5 spell: Fireball
 16572 | Lair:3   | Found a staircase to the Swamp.
 16700 | Lair:3   | Noticed Prince Ribbit
 16712 | Lair:3   | Killed Prince Ribbit
 16719 | Lair:3   | Found an ornate altar of the Wu Jian Council.
 16850 | Lair:3   | Noticed Rupert
 16862 | Lair:3   | Killed Rupert
 17529 | Lair:4   | Received a gift from Okawaru
 18755 | Lair:5   | Found a staircase to the Slime Pits.
 18817 | Lair:6   | Entered Level 6 of the Lair of Beasts
 18834 | Lair:5   | Reached XP level 15. HP: 125/144 MP: 19/27
 18896 | Lair:6   | Learned a level 5 spell: Irradiate
 19049 | Lair:6   | Received a gift from Okawaru
 19795 | Lair:6   | Identified the Grimoire of Stones and Necromancy
 19803 | Lair:6   | Learned a level 5 spell: Bolt of Magma
 20213 | Lair:6   | Reached skill level 10 in Conjurations
 20681 | Lair:6   | Received a gift from Okawaru
 21156 | D:12     | Reached skill level 10 in Spellcasting
 21160 | D:12     | Received a gift from Okawaru
 21161 | D:12     | Found the +0 mask of the Dragon {Will+ Slay+3 SInv}
 21169 | D:12     | Identified the ring "Xinesats" {rC+ SInv}
 21295 | D:12     | Reached XP level 16. HP: 66/152 MP: 9/30
 21437 | D:12     | Noticed Erolcha
 21503 | D:12     | Found the +10 tower shield of Ignorance {rN+ Int-4}
 21508 | D:12     | Found a runed translucent door.
 21518 | D:12     | Killed Erolcha
 21579 | D:12     | Found a runed translucent door.
 21756 | D:12     | Identified the Collected Works on Ashen Ice
 22181 | D:11     | You paid a toll of 2 scrolls of acquirement to enter a
                  | treasure trove
 22182 | Trove    | Entered a treasure trove
 22195 | Trove    | Identified Sif Muna's Incunabulum of Confrontation
 22226 | Trove    | Identified Sif Muna's Almanac of Bewitching Orientation
 22556 | D:13     | Found an ancient bone altar of Kikubaaqudgha.
 22572 | D:13     | Found a gate to the Vaults.
 22578 | D:13     | Reached skill level 1 in Earth Magic
 23117 | D:14     | Received a gift from Okawaru
 23258 | D:14     | You fall into a shaft and drop 1 floor!
 23258 | D:15     | Entered Level 15 of the Dungeon
 23279 | D:15     | Reached skill level 10 in Shields
 23321 | D:15     | Noticed Roxanne
 23341 | D:15     | HP: 7/152 [Roxanne/bolt of magma (15)]
 23346 | D:15     | Killed from afar by Roxanne

Illustrated notes

Levels and vault maps discovered:
D:1:      mrwooster_arrival_statue_3, layout_loops_ring, minmay_misc_feat_plants
D:2:      layout_loops_ring, shapermc_ecumenical_altar_venn
D:3:      layout_loops_ring, serial_glass, glass_columns_c, glass_columns_a
D:4:      minmay_chambers_of_fours, layout_cave_pools, lemuel_crystal_altar,
          corexii_corridor_pit, uniq_pikel
D:5:      layout_cave_pools, kennysheep_mini_moat, portal_sewer_entry_f
D:6:      layout_rooms, grunt_temple_overflow_open,
          minmay_temple_entry_enclosed_plants, serial_curves, eino_curves_03,
          eino_curves_03, eino_curves_01, eino_curves_02, guppyfry_shop_venom,
          uniq_blork_the_orc, uniq_crazy_yiuf_cottage
D:7:      layout_loops_ring, tgw_trog, uniq_joseph, uniq_menkaure
D:8:      layout_loops_ring, beargit_hepliaklqana_dungeon_heroes,
          lemuel_doored_altar, chequers_serial_rivers_micro_b, hex_large,
          grunt_ministairs_5
D:9:      minmay_clustersquares, layout_basic, grunt_temple_overflow_diamond,
          serial_shops, shop
D:10:     layout_irregular_city, grunt_dithmenos_smoke_and_mirrors,
          cheibrodos_worm_habitat, grunt_qazlal_clouds, david_orc_5
D:11:     layout_loops_ring, dpeg_oklobed_lair, nicolae_trove_entry_columns
D:12:     minmay_the_grid_octo_tiled_squarecenter_mashed
          [minmay_the_grid_octo_concentric, minmay_the_grid_octo_clover_2,
          minmay_the_grid_octo_tetromino_candy,
          minmay_the_grid_octo_checkerflower,
          minmay_the_grid_square_5x5_megaprize_diamond,
          minmay_the_grid_square_5x5_three_walls,
          minmay_the_grid_square_5x5_hollow_slash,
          minmay_the_grid_square_5x5_six,
          minmay_the_grid_square_5x5_spiral_small], layout_long_grid,
          chequers_guarded_unrand_ignorance, uniq_erolcha
D:13:     layout_long_grid, skrybe_vaults_entry_preservation,
          kiku_gazebo_pond_becter
D:14:     minmay_elf_outpost, layout_loops_cross, chequers_serial_rivers_small_a
D:15:     grunt_enter_depths_hoard, layout_irregular_city, serial_column_ruins,
          column_ruins_columns_corner, column_ruins_open_small,
          column_ruins_open_medium, column_ruins_grid_1, serial_shops, shop,
          minmay_starry_boxes, uniq_roxanne, uniq_kirke, uniq_josephine,
          uniq_azrael
Temple:   nicolae_temple_figure_zero
Lair:1:   layout_cave_pods, basic_altar, gauntlet_entry_generic,
          cheibrodos_lair_caveside_slide, uniq_fannar
Lair:2:   layout_gridlike
Lair:3:   layout_loops_ring, skrybe_swamp_entry_bodies,
          guppyfry_snake_entry_garden, basic_altar, grunt_megastairs_5,
          infiniplex_staircase_pool, uniq_prince_ribbit2, uniq_rupert,
          uniq_snorg
Lair:4:   layout_loops_ring, lemuel_fruit_tree
Lair:5:   layout_gridlike, minmay_slime_entry_oklob_enclosed
Lair:6:   due_jungle_book, layout_regular_city, lemuel_fruit_fields
Orc:1:    layout_caves, serial_shops, nicolae_shop_competitors_out_of_business
Orc:2:    st_orc_open, layout_caves, enter_volcano_3,
          portal_ice_cave_entry_pillars_1, basic_altar,
          kennysheep_orc_sif_temple

Skill      XL: |  1  2  3  4  5  6  7  8  9 10 11 12 13 14 15 16 |
---------------+-------------------------------------------------+-----
Poison Magic   | 5 6 7 8 |  8.0
Spellcasting   | 3 4 6 7 8 10 | 10.0
Fighting       | 2 5 7 8 11 12 | 12.0
Stealth        | 5 8 12 | 12.0
Shields        | 1 7 9 10 | 10.0
Fire Magic     | 8 9 10 | 10.0
Conjurations   | 2 5 8 10 12 | 12.0
Dodging        | 2 4 7 8 |  8.0
Axes           | 3 7 8 |  8.0
Earth Magic    | 4 |  4.7
Transmutations | |  1.0

Action                   |  1- 3 |  4- 6 |  7- 9 | 10-12 | 13-15 | 16-18 || total
-------------------------+-------+-------+-------+-------+-------+-------++-------
Melee: Club              |     2 |       |       |       |       |       ||     2
       Mace              |    11 |       |       |       |       |       ||    11
       Rapier            |     2 |     4 |       |       |       |       ||     6
       Long sword        |       |    46 |    86 |   371 |   653 |   112 ||  1268
       Constrict         |       |       |       |       |   153 |    50 ||   203
       Broad axe         |       |       |       |       |       |    96 ||    96
Throw: Stone             |     3 |     1 |     5 |     9 |    11 |     3 ||    32
 Cast: Sting             |    23 |    27 |    19 |    33 |     1 |       ||   103
       Mephitic Cloud    |     2 |     4 |    24 |    88 |   107 |    18 ||   243
       Ignite Poison     |       |     1 |    12 |    29 |    53 |     6 ||   101
       Poisonous Vapours |       |       |       |     7 |       |       ||     7
       Sticky Flame      |       |       |       |     5 |    49 |     8 ||    62
       Bolt of Magma     |       |       |       |       |     6 |    15 ||    21
 Abil: Spit Poison       |    41 |    39 |    38 |    76 |    41 |     7 ||   242
Evoke: Wand              |       |       |       |    24 |    14 |       ||    38
       Box of beasts     |       |       |       |     1 |     1 |       ||     2
  Use: Scroll            |     3 |     1 |     1 |    13 |    15 |     3 ||    36
       Potion            |       |     4 |       |     5 |       |     1 ||    10
 Stab: Confused          |     1 |       |     3 |    21 |    20 |     7 ||    52
       Sleeping          |       |     1 |     1 |     1 |    13 |     7 ||    23
       Distracted        |       |       |       |     2 |     4 |       ||     6
       Paralysed         |       |       |       |       |     4 |       ||     4
Armor: Robe              |     3 |    17 |    24 |       |       |       ||    44
       Skin              |       |     7 |       |    39 |       |       ||    46
       Steam dragon scal |       |       |     3 |    22 |       |       ||    25
       Troll leather arm |       |       |       |    78 |   304 |   109 ||   491
       Animal skin       |       |       |       |    19 |    90 |       ||   109
Dodge: Dodged            |    10 |    27 |    61 |   169 |   410 |    86 ||   763
Block: Buckler           |       |       |       |    16 |       |       ||    16
       Kite shield       |       |       |       |   192 |   518 |   140 ||   850
       Rpst.: Long sword |       |     7 |    14 |    42 |    97 |    15 ||   175

Table legend: (Time is in decaauts)
 A = Elapsed time spent in this place.
 B = Non-inter-level travel time spent in this place.
 C = Inter-level travel time spent in this place.
 D = Time resting spent in this place.
 E = Time spent auto-exploring this place.
 F = Levels seen in this place.
 G = Mean time per level.
                   A        B        C        D        E       F      G
               +--------+--------+--------+--------+--------+-----+--------+
         Total |  30552 |  28793 |   1759 |   3611 |  17772 |  29 | 1053.5 |
       Dungeon |  16146 |  15083 |   1063 |   1814 |   9767 |  15 | 1076.4 |
        Temple |    172 |    160 |     12 |      0 |    158 |   1 |  172.0 |
          Lair |   8361 |   7844 |    517 |    508 |   5581 |   6 | 1393.5 |
  Orcish Mines |   3469 |   3303 |    166 |   1192 |   1165 |   2 | 1734.5 |
         Trove |    132 |    132 |      0 |      0 |     99 |   1 |  132.0 |
         Sewer |    862 |    862 |      0 |      0 |    451 |   1 |  862.0 |
      Ice Cave |    198 |    198 |      0 |      0 |      0 |   1 |  198.0 |
       Volcano |    615 |    615 |      0 |     97 |    190 |   1 |  615.0 |
      Gauntlet |    594 |    594 |      0 |      0 |    358 |   1 |  594.0 |
               +--------+--------+--------+--------+--------+-----+--------+

Top non-repeatable levels by time:
   Orc:2: 2789 daAuts
  Lair:6: 2618 daAuts
     D:9: 1785 daAuts
    D:11: 1491 daAuts
    D:12: 1375 daAuts
    D:10: 1343 daAuts
     D:6: 1291 daAuts
  Lair:2: 1275 daAuts
     D:4: 1252 daAuts
     D:8: 1247 daAuts
  Lair:3: 1219 daAuts
  Lair:5: 1214 daAuts
     D:3: 1210 daAuts
     D:7: 1185 daAuts
  Lair:1: 1106 daAuts
